Map: Abyssal Reef LE

Players

Railgan

  • Race: Zerg Zerg
  • League: Grandmaster
  • Spawn Location: 11:00

ZeRgWaVe - Winner!

  • Race: Zerg Zerg
  • League: Grandmaster
  • Spawn Location: 5:00

VOD

Have the link to the VOD?

Description

Time

  • Played on: March 19, 2017, 8:42 p.m.
  • Length: 7:19
Show
View Real Time Build Order
Export as new Build Order

Railgan Zerg 

Build Orders: Pool First, Zergling Baneling 

Get SALT Encoding   

  12  0:02  Drone  
  13  0:12  Overlord  
  13  0:17  Drone  
  14  0:31  Drone x2  
  14  0:35  Drone  
  17  0:47  Spawning Pool  
  17  0:48  Drone  
  17  0:56  Drone  
  18  1:17  Extractor, Hatchery  
  16  1:18  Drone  
  16  1:20  Drone  
  18  1:33  Queen  
  18  1:34  Zergling x2  
  18  1:39  Drone  
  22  1:51  Overlord  
  22  1:56  Spine Crawler  
  21  2:07  Drone  
  22  2:10  Baneling Nest  
  22  2:11  Queen  
  22  2:13  Zergling x2  
  24  2:24  Zergling x2  
  25  2:30  Spine Crawler  
  26  2:46  Metabolic Boost  
  25  2:51  Drone  
  25  2:52  Drone  
  27  2:58  Baneling x2  
  27  3:00  Drone  
  28  3:10  Zergling x4  
  28  3:16  Zergling x2  
  28  3:17  Overlord  
  28  3:18  Zergling x2  
  30  3:23  Baneling x2  
  30  3:34  Baneling  
  30  3:40  Drone  
  30  3:42  Extractor  
  30  3:45  Zergling x2  
  30  3:53  Extractor  
  30  3:55  Drone x3  
  32  3:57  Overlord, Zergling x2  
  32  4:01  Extractor  
  29  4:17  Baneling x2  
  29  4:18  Zergling x4  
  29  4:19  Lair  
  31  4:26  Zergling x8  
  35  4:38  Drone  
  35  4:44  Hatchery  
  34  4:45  Baneling  
  31  4:55  Drone  
  31  4:56  Drone x2  
  34  5:03  Drone x2  
  36  5:16  Overlord  
  36  5:25  Spire, Drone  
  37  5:35  Drone  
  37  5:36  Drone x2  
  39  5:46  Drone  
  39  5:59  Drone x3  
  39  6:00  Drone  
  42  6:12  Drone x2  
  44  6:19  Drone  
  44  6:21  Extractor  
  44  6:22  Extractor  
  44  6:25  Drone  
  44  6:26  Drone x2  
  44  6:28  Drone x2  
  48  6:40  Hatchery  
  47  6:50  Mutalisk x2  
  49  6:56  Zergling x2  
  49  6:59  Zergling x2  
Show
View Real Time Build Order
Export as new Build Order

ZeRgWaVe Zerg - Winner!

Build Orders: Pool First 

Get SALT Encoding   

  12  0:05  Drone  
  13  0:09  Drone  
  14  0:17  Extractor  
  14  0:18  Drone  
  14  0:21  Extractor  
  14  0:34  Spawning Pool  
  13  0:38  Drone  
  14  0:45  Extractor, Drone  
  15  0:53  Overlord  
  15  1:21  Metabolic Boost, Queen  
  15  1:22  Zergling x2  
  15  1:24  Zergling x2  
  19  1:28  Zergling x2  
  20  1:41  Baneling Nest  
  20  1:42  Zergling x2  
  20  1:45  Zergling x2  
  21  1:57  Overlord  
  21  2:16  Zergling x2  
  21  2:19  Zergling x2  
  23  2:25  Baneling x2  
  23  2:29  Zergling x4  
  25  2:30  Zergling x4  
  27  2:40  Zergling x2  
  28  2:57  Zergling x2  
  28  3:05  Drone  
  29  3:11  Hatchery  
  28  3:17  Overlord  
  28  3:19  Drone  
  27  3:29  Drone x2  
  29  3:39  Baneling  
  29  3:40  Baneling  
  28  3:43  Queen  
  30  3:58  Overlord  
  30  4:00  Drone x2  
  29  4:19  Queen  
  29  4:20  Baneling x2  
  29  4:23  Queen  
  33  4:29  Drone  
  33  4:31  Evolution Chamber  
  33  4:43  Drone x4  
  36  4:55  Zergling x2  
  36  4:57  Zerg Ground Armor Level 1  
  37  5:07  Drone x2  
  37  5:08  Drone  
  37  5:09  Drone  
  41  5:27  Drone x3  
  44  5:37  Hatchery  
  43  5:43  Zergling x10  
  43  5:45  Zergling x2  
  47  6:02  Zergling x8  
  47  6:03  Zergling x2  
  51  6:04  Overlord x2  
  51  6:22  Queen x2  
  51  6:23  Baneling x4  
  51  6:24  Baneling x3  
  55  6:28  Drone x2  
  55  6:32  Zergling x4  
  59  6:33  Zergling x2  
  60  6:41  Zergling x2  
  60  6:42  Zergling x4  
  60  6:45  Baneling  
  60  6:46  Baneling x2  
  63  6:47  Baneling x2  
  63  6:49  Zergling x4  
  60  7:01  Zergling x6  
  60  7:02  Zergling x2  
Tags
 
Add a new tag
Caveats
  • Supply blocks, unpowered buildings, or Contaminate may cause inaccurate times.
  • Supply counts are checked every 10 seconds.